 Dungeon Crawl Stone Soup version 0.24-a0-536-gdd4cf15266 (webtiles) character file.

Game seed: 1631966748189051652

28 Delarado the Changer (level 3, 0/23 HPs)
             Began as an Octopode Transmuter on Aug 11, 2019.
             Slain by a gnoll
             ... wielding a cursed +0 spear
              (5 damage)
             ... on level 2 of the Dungeon.
             The game lasted 00:04:26 (1261 turns).

Delarado the Changer (Octopode Transmuter)          Turns: 1261, Time: 00:04:27

Health: 0/23       AC:  1    Str:  9    XL:     3   Next: 14%
Magic:  3/6        EV: 13    Int: 16    God:
Gold:   19         SH:  0    Dex: 12    Spells: 0/6 levels left

rFire    . . .     SeeInvis .     - Unarmed
rCold    . . .     Gourm    .   (no shield)
rNeg     . . .     Faith    .   (helmet restricted)
rPois    .         Spirit   .   (no amulet)
rElec    .         Reflect  .   (no ring)
rCorr    .         Harm     .   (no ring)
MR       .....                  (no ring)
Stlth    ++........             (no ring)
HPRegen  0.07/turn              (no ring)
MPRegen  0.10/turn              (no ring)
                                (no ring)
                                (no ring)

@: very slightly contaminated
A: almost no armour, stealthy swim, amphibious, 8 rings, constrict 8, camouflage
1, gelatinous body 1
a: no special abilities


You were on level 2 of the Dungeon.
You were not hungry.

You visited 1 branch of the dungeon, and saw 2 of its levels.

You collected 19 gold pieces.

Inventory:

Missiles
 a - 24 arrows
 i - 18 stones (quivered)
 k - a throwing net
Armour
 h - a +0 buckler
Scrolls
 b - 2 scrolls of teleportation {unknown}
 e - 2 scrolls of remove curse {unknown}
 g - a scroll of fear {unknown}
Potions
 d - 3 potions of lignification {unknown}
 f - a potion of agility {unknown}
 j - a potion of heal wounds {unknown}
Comestibles
 c - a ration


   Skills:
 - Level 1.0 Fighting
 - Level 2.0 Dodging
 - Level 0.3 Shields
 - Level 3.0 Unarmed Combat
 - Level 2.0 Spellcasting
 + Level 3.4 Transmutations
 * Level 0.1 Poison Magic


You couldn't memorise any spells.
You knew the following spells:

 Your Spells              Type           Power        Failure   Level  Hunger
a - Beastly Appendage     Tmut           ##....       4%          1    #......
b - Sticks to Snakes      Tmut           ##......     8%          2    ###....
c - Spider Form           Tmut/Pois      #.........   30%         3    ###....

Your spell library contained the following spells:

 Spells                   Type           Power        Failure   Level  Hunger
 Ice Form                 Ice/Tmut       #.......     71%         4    #####..
 Blade Hands              Tmut           ##........   80%         5    ######.


Dungeon Overview and Level Annotations

Branches:
Dungeon (2/15)

Altars:


Innate Abilities, Weirdness & Mutations

You cannot wear most types of armour.
You are very stealthy in the water. (Stealth+)
You are amphibious.
You can wear up to eight rings at the same time.
You can use your tentacles to constrict eight enemies at once.
Your skin changes colour to match your surroundings (Stealth+).
Your rubbery body absorbs attacks. (AC +1, EV +1)


Message History

The gnoll hits you from afar with a cursed +0 spear.
You struggle against the net.
The gnoll hits you from afar with a cursed +0 spear.
The gnoll hits you with a +0 whip!
Your ball python bites the gnoll.
Your ball python barely misses the gnoll.
You rip the net and break free!
Your ball python bites the gnoll.
Your ball python closely misses the gnoll.
The gnoll hits you with a +0 whip.
* * * LOW HITPOINT WARNING * * *
The gnoll hits you but does no damage.
Your ball python bites the gnoll but does no damage.
Your ball python closely misses the gnoll.
The gnoll hits your ball python but does no damage.
Your ball python closely misses the gnoll.
Your ball python grabs the gnoll.
Your ball python constricts the gnoll.
The gnoll hits your ball python with a +0 whip.
Your ball python dies!
There is a stone staircase leading up here.
The gnoll hits you from afar with a cursed +0 spear.
You die...

#.......##......####.##.....##
#...............## #+# .....#
#................# ....#
####.............# ....
#.............# ...
#........g....#
#.........g...#
#.............#
#######.....@.+ #.....).#
..........# ..........#
...........# ......#.....
.....#.$.... .... #.......
.... #........


You could see 2 gnolls.

Vanquished Creatures
  A gnoll (D:2)
  A leopard gecko (D:1)
  A giant cockroach (D:2)
  4 goblins
  3 hobgoblins
  2 bats (D:1)
  A frilled lizard (D:1)
  2 kobolds (D:1)
  2 rats (D:2)
17 creatures vanquished.

Notes
Turn   | Place    | Note
-------+----------+-------------------------------------------
     0 | D:1      | Delarado the Octopode Transmuter began the quest for the
                  | Orb.
     0 | D:1      | Reached XP level 1. HP: 13/13 MP: 3/3
   354 | D:1      | Reached XP level 2. HP: 16/18 MP: 3/5
   381 | D:1      | Learned a level 2 spell: Sticks to Snakes
   965 | D:2      | Reached XP level 3. HP: 14/23 MP: 4/6
  1089 | D:1      | Learned a level 3 spell: Spider Form
  1261 | D:2      | Slain by a gnoll

Levels and vault maps discovered:
D:1:      ncdulo_lavacross, layout_basic
D:2:      layout_basic, serial_forest, infiniplex_forest_corner_1,
          infiniplex_forest_split, infiniplex_forest_lined_room_,
          infiniplex_forest_end_2, infiniplex_forest_lined_2,
          infiniplex_forest_lined_room_2, palyth_stone_intersect

Skill      XL: |  1  2 |
---------------+-------+-----
Transmutations | 3 |  3.4
Fighting       | |  1.0
Dodging        | |  2.0
Shields        | |  0.3
Unarmed Combat | |  3.0
Spellcasting   | |  2.0
Poison Magic   | |  0.1

Action                   || total
-------------------------++-------
Melee: Unarmed           ||    44
       Constrict         ||    13
       Tentacles         ||     6
       Kick              ||     8
       Punch             ||     1
Throw: Stone             ||    12
 Cast: Beastly Appendage ||    13
       Sticks to Snakes  ||     1
 Stab: Sleeping          ||     1
  Eat: Chunk             ||     1
Armor: Skin              ||     3
Dodge: Dodged            ||    35

Table legend:
 A = Non-vault XP
 B = Vault XP
 C = Vault XP percentage of total XP
 D = Non-vault monster count
 E = Vault monster count
 F = Vault count percentage of total count
                 A         B        C        D         E       F
            +---------+---------+-------+---------+---------+-------
      Total |      41 |       0 |   0.0 |      17 |       0 |   0.0
            +---------+---------+-------+---------+---------+-------
        D:1 |      19 |       0 |   0.0 |      11 |       0 |   0.0
        D:2 |      22 |       0 |   0.0 |       6 |       0 |   0.0
            +---------+---------+-------+---------+---------+-------
